 Dungeon Crawl Stone Soup version 0.27-a0-637-g3a9f0a9c12 (webtiles) character file.

Game seed: 2752630700372528308

738 rednaxela the Tainter (level 7, -2/55 HPs)
             Began as a Naga Venom Mage on Mar 14, 2021.
             Was an Initiate of Cheibriados.
             Slain by a two-headed ogre
             ... wielding a +0 giant spiked club
              (23 damage)
             ... on level 6 of the Dungeon on Mar 15, 2021.
             The game lasted 00:21:14 (6311 turns).

rednaxela the Tainter (Naga Venom Mage)             Turns: 6311, Time: 00:21:14

Health: -2/55      AC:  9    Str: 12    XL:     7   Next: 75%
Magic:  12/15      EV:  9    Int: 18    God:    Cheibriados [......]
Gold:   199        SH:  0    Dex: 12    Spells: 4/17 levels left

rFire    . . .     SeeInvis +   g - +2 dagger (venom)
rCold    . . .     Faith    .   (no shield)
rNeg     . . .     Spirit   .   B - +0 leather armour
rPois    +         Reflect  .   i - +2 helmet
rElec    .         Harm     .   u - +1 cloak {Will+}
rCorr    .         Rampage  .   v - +0 pair of gloves
Will     +....                  (no barding)
Stlth    ++........             t - amulet of regeneration
HPRegen  1.18/turn              (no ring)
MPRegen  0.14/turn              (no ring)

@: very slow
A: AC +2, large, see invisible, deformed body, poison resistance, slowness 2,
spit poison 1, naga tail 1
a: Spit Poison, Renounce Religion, Bend Time


You were on level 6 of the Dungeon.
You worshipped Cheibriados.
Cheibriados was noncommittal.
You visited 2 branches of the dungeon, and saw 8 of its levels.

You collected 199 gold pieces.

Inventory:

Hand Weapons
 g - a +2 dagger of venom (weapon)
   (You took it off a kobold on level 1 of the Dungeon)
 n - a +0 hunting sling
   (You found it on level 2 of the Dungeon)
 p - a +0 morningstar
   (You took it off an orc on level 2 of the Dungeon)
 A - the +2 hand axe "Meugosic" {elec, *Slow Will+ Dex+3 SInv}
   (You found it on level 5 of the Dungeon)

   Occasionally, upon striking a foe, it can discharge electrical energy and
   cause terrible harm.
   It affects your dexterity (+3).
   It affects your willpower, your defense against some magical effects.
   It lets you see invisible.
   It may slow you when you take damage.
Missiles
 c - 213 stones
 x - 8 poisoned darts
Armour
 i - a +2 helmet (worn)
   (You found it on level 1 of the Dungeon)
 u - a +1 cloak of willpower (worn)
   (You took it off Crazy Yiuf on level 3 of the Dungeon)
 v - a +0 pair of gloves (worn)
   (You found it on level 4 of the Dungeon)
 B - a +0 leather armour (worn)
   (You took it off an orc priest on level 6 of the Dungeon)
Magical Staves
 z - a staff of cold
   (You found it on level 5 of the Dungeon)
Jewellery
 a - a ring of resist corrosion
   (You found it on level 7 of the Dungeon)
 t - an amulet of regeneration (around neck)
   (You found it on level 5 of the Dungeon)
 w - a ring of ice
   (You found it on level 4 of the Dungeon)
Scrolls
 k - 2 scrolls of fog {!r}
 l - 2 scrolls of amnesia
 m - 3 scrolls of teleportation {@r3 !r}
 y - a scroll of fear {!r}
Potions
 b - 3 potions of might {@q3 !q}
 d - a potion of magic {unknown}
 e - 2 potions of invisibility {unknown}
 f - 2 potions of curing {unknown}
 h - 2 potions of degeneration {unknown}
 j - a potion of lignification {unknown}
 o - a potion of berserk rage {unknown}
 q - a potion of mutation {unknown}
 r - 2 potions of heal wounds {unknown}
 s - a potion of flight {unknown}


   Skills:
 - Level 1.6 Dodging
 - Level 3.1 Stealth
 + Level 5.6 Spellcasting
 - Level 1.1 Transmutations
 - Level 8.4 Poison Magic
 + Level 1.0 Invocations


You had 4 spell levels left.
You knew the following spells:

 Your Spells              Type           Power      Damage    Failure   Level
a - Sting                 Tmut/Pois      88%        1d7       2%          1
b - Poisonous Vapours     Pois/Air       40%        N/A       4%          2
m - Mephitic Cloud        Conj/Pois/Air  15%        N/A       16%         3
x - Ignite Poison         Fire/Tmut/Pois 16%        N/A       13%         3
z - Olgreb's Toxic Radia  Pois           35%        N/A       4%          4

Your spell library contained the following spells:

 Spells                   Type           Power      Damage    Failure   Level
 Confusing Touch          Hex            5%         N/A       43%         3
 Gell's Gravitas          Tloc           2%         N/A       43%         3
 Petrify                  Tmut/Erth      7%         N/A       77%         4
 Yara's Violent Unravell  Hex/Tmut       3%         3d4       98%         5
 Metabolic Englaciation   Hex/Ice        2%         N/A       99%         5


Dungeon Overview and Level Annotations

Branches:
Dungeon (7/15)             Temple (1/1) D:4

Altars:
Ashenzari
Cheibriados
Dithmenos
Elyvilon
Fedhas
Hepliaklqana
Kikubaaqudgha
Nemelex Xobeh
Okawaru
Qazlal
Ru
Trog
Uskayaw
Vehumet
Wu Jian
Xom
Yredelemnul
Zin
The Shining One


Innate Abilities, Weirdness & Mutations

Your serpentine skin is tough. (AC +2)
You have supernaturally acute eyesight. (SInv)
Armour fits poorly on your strangely shaped body.
Your system is resistant to poisons. (rPois)
You cover ground very slowly.
You can spit poison.
You have a snake-like lower body.


Message History

The orc wizard is poisoned.
The orc wizard barely misses you.
Casting: Poisonous Vapours (safe; 4% risk of failure)
Confirm with . or Enter, or press ? or * to list all spells.
Aiming: Poisonous Vapours (safe; 4% risk of failure)
Press: ? - help, Dir - move target, f/p - orc wizard
Aim: an orc wizard, wielding a +0 dagger and wearing a +0 robe (poison gas, heavily wounded, poisoned)
The poisonous vapours increase!
The orc wizard is engulfed in poison gas.
The orc wizard looks even sicker.
The orc wizard hits you but does no damage.
You hit the orc wizard.
You kill the orc wizard!
Cheibriados thoroughly appreciates the change of pace.
Your Invocations skill increases to level 1!
This spell is dangerous to cast!
Memorise Olgreb's Toxic Radiance, consuming 4 spell levels and leaving 7?
You start memorising the spell.
You continue memorising. x4
You finish memorising.
Spell assigned to 'c'.
This spell is dangerous to cast!
Memorise Ignite Poison, consuming 3 spell levels and leaving 4?
You start memorising the spell.
You continue memorising. x3
You finish memorising.
Spell assigned to 'd'.
Adjust (i)tems, (s)pells, or (a)bilities?
Adjust which spell? c - Olgreb's Toxic Radiance Adjust to which letter? z - Olgreb's Toxic Radiance Adjust (i)tems, (s)pells, or (a)bilities?
Adjust which spell? d - Ignite Poison Adjust to which letter? x - Ignite Poison Welcome back, rednaxela the Naga Venom Mage.
Cheibriados says: Take it easy.
Press ? for a list of commands and other information.
A quokka comes into view.
Found a twisted sapphire ring.
Found 15 gold pieces.
You miss the quokka. The quokka closely misses you.
You hit the quokka.
The quokka is poisoned.
The quokka is severely wounded.
The quokka bites you but does no damage.
You hit the quokka.
The quokka looks as sick as possible!
The quokka is severely wounded.
The quokka closely misses you.
You completely miss the quokka.
The quokka is almost dead.
You kill the quokka!
Cheibriados thoroughly appreciates the change of pace.
You see here a quokka corpse.
Magic restored.
You now have 196 gold pieces (gained 15).
You see here a quokka corpse.
Things that are here:
a +0 robe; a +0 dagger
a - a ring of resist corrosion
Found a robe.
You now have 199 gold pieces (gained 3).
A necrophage and a zombie come into view.
Unknown command.
The adder zombie moves out of view.
The necrophage moves out of view.
A quokka comes into view.
Cast which spell? (? or * to list)
Aiming: Sting (safe; 2% risk of failure)
Press: ? - help, Shift-Dir - straight line, f - quokka
Aim: a quokka (wandering, hasn't noticed you, 33% to evade)
The sting hits the quokka.
The quokka is poisoned.
The quokka is almost dead.
You kill the quokka!
Cheibriados thoroughly appreciates the change of pace.
Cheibriados is now slowing the effects of poison on you.
Cheibriados raises the support of your attributes as your movement slows.
Magic restored.
There is a stone staircase leading up here.
You climb upwards. 2 orcs come into view.
The orc priest shouts!
The orc shouts!
You hear a shout!
The bullfrog skeleton hits you. The centaur zombie hits you.
The two-headed ogre hits you with a +0 giant spiked club!
The two-headed ogre hits you with a +0 giant club!!
* * * LOW HITPOINT WARNING * * *
The orc hits you but does no damage. x2
The bullfrog skeleton closely misses you.
The centaur zombie closely misses you.
There is a stone staircase leading down, spattered with blood here.
The flow of time bends around you.
Cheibriados rebukes the centaur zombie.
The centaur zombie seems to slow down.
Cheibriados rebukes the bullfrog skeleton.
The bullfrog skeleton seems to slow down.
Cheibriados rebukes the orc.
The orc seems to slow down.
Cheibriados rebukes the orc.
The orc seems to slow down.
The two-headed ogre resists with some effort.
Cheibriados will no longer slow the effects of poison on you.
Cheibriados lowers the support of your attributes as your movement quickens.
An orc comes into view. It is wielding a +0 club.
The two-headed ogre hits you with a +0 giant spiked club!!
You die...

....#...#...## #....#.
..............#.##......
............. ...[.####.
##.......... .......#..
........... #.......
......o...###..##..#..##
.............# # #...#
.........###...# #....##
..$...Z@O# ...#.#..#
...##.Zoo..# ...##..
........## ... ...
../....o...# .... ...
............. ... .#...
....#..o...... .##
....#.......... ...
##...o.....


You could see a two-headed ogre, an orc priest, 5 orcs, a centaur zombie (slow)
and a bullfrog skeleton (slow).

Vanquished Creatures
  A bullfrog (D:4)
  2 scorpions
  A bullfrog zombie (D:5)
  3 orc priests
  A hound (D:5)
  A jelly (D:6)
  Crazy Yiuf (D:3)
  An iguana (D:5)
  Natasha (thrice) (D:3)
  An orc wizard (D:7)
  2 worker ants (D:4)
  Robin (D:3)
  4 adders
  2 white imps (D:5)
  An ooze (D:2)
  An adder skeleton (D:5)
  3 dart slugs
  4 leopard geckos
  8 orcs
  A ball python (D:3)
  9 bats
  2 bat zombies (D:2)
  6 giant cockroaches
  11 goblins
  14 hobgoblins
  6 jackals
  3 quokkas
  5 frilled lizards
  5 kobolds (D:1)
  A leopard gecko skeleton (D:5)
  A quokka skeleton (D:4)
  11 rats
  A rat zombie (D:2)
117 creatures vanquished.

Vanquished Creatures (others)
  2 fungi (D:3)
  A withered plant (D:7)
3 creatures vanquished.

Grand Total: 120 creatures vanquished

Notes
Turn   | Place    | Note
-------+----------+-------------------------------------------
     0 | D:1      | rednaxela the Naga Venom Mage began the quest for the Orb.
     0 | D:1      | Reached XP level 1. HP: 15/15 MP: 3/3
   337 | D:1      | Reached XP level 2. HP: 22/22 MP: 0/5
   985 | D:1      | Reached XP level 3. HP: 6/28 MP: 0/6
  1636 | D:2      | Learned a level 2 spell: Poisonous Vapours
  1640 | D:2      | Learned a level 3 spell: Mephitic Cloud
  2019 | D:2      | Reached skill level 5 in Poison Magic
  2277 | D:2      | Reached skill level 3 in Spellcasting
  2277 | D:2      | Reached XP level 4. HP: 30/36 MP: 3/8
  2487 | D:2      | Found a hazy altar of Hepliaklqana.
  2709 | D:3      | Noticed Robin
  2866 | D:2      | Found an ancient bone altar of Kikubaaqudgha.
  3052 | D:3      | Killed Robin
  3258 | D:2      | Reached XP level 5. HP: 42/42 MP: 5/10
  3307 | D:3      | Reached skill level 6 in Poison Magic
  3680 | D:3      | Found a blossoming altar of Fedhas.
  3879 | D:3      | Noticed Natasha
  3883 | D:3      | Killed Natasha
  3884 | D:3      | Reached skill level 4 in Spellcasting
  3963 | D:3      | Noticed Natasha
  3970 | D:3      | Killed Natasha
  3971 | D:3      | Reached XP level 6. HP: 49/49 MP: 5/12
  4068 | D:3      | Noticed Natasha
  4071 | D:3      | Killed Natasha
  4246 | D:3      | Found a runed translucent door.
  4247 | D:3      | Noticed Crazy Yiuf
  4257 | D:3      | Killed Crazy Yiuf
  4332 | D:4      | Reached skill level 7 in Poison Magic
  4853 | D:4      | Found a staircase to the Ecumenical Temple.
  4895 | Temple   | Entered the Ecumenical Temple
  5051 | Temple   | Became a worshipper of Cheibriados the Contemplative
  5272 | D:5      | Entered Level 5 of the Dungeon
  5293 | D:5      | Reached XP level 7. HP: 54/55 MP: 12/14
  5407 | D:5      | Reached skill level 5 in Spellcasting
  5567 | D:5      | Reached skill level 8 in Poison Magic
  6004 | D:5      | Identified the +2 hand axe "Meugosic" {elec, *Slow Will+
                  | Dex+3 SInv}
  6226 | D:6      | Noticed a two-headed ogre
  6233 | D:7      | Reached skill level 1 in Invocations
  6238 | D:7      | Learned a level 4 spell: Olgreb's Toxic Radiance
  6242 | D:7      | Learned a level 3 spell: Ignite Poison
  6293 | D:7      | Reached * piety under Cheibriados
  6311 | D:6      | Slain by a two-headed ogre

Illustrated notes

Levels and vault maps discovered:
D:1:      mainiacjoe_arrival_reflecting_pool, layout_basic
D:2:      layout_loops_ring, general_overflow_altar,
          lemuel_zombie_altar_kikubaaqudgha
D:3:      layout_rooms, fedhas_altar_1, uniq_natasha, uniq_crazy_yiuf_cottage,
          uniq_robin
D:4:      layout_loops_ring, minmay_temple_entry_waves
D:5:      layout_cave_pools, minmay_door_square
D:6:      layout_cave_pools, serial_shops, nicolae_shop_crystal, shop_fountains,
          shop
D:7:      layout_loops_ring, gammafunk_ghost_necromancy, serial_undead,
          serial_undead_f, serial_undead_f, serial_undead_e, serial_undead_b,
          serial_undead_c
Temple:   nicolae_temple_elliptical

Skill      XL: |  1  2  3  4  5  6  7 |
---------------+----------------------+-----
Poison Magic   | 5 6 7 8 |  8.4
Spellcasting   | 3 4 5 |  5.6
Invocations    | 1 |  1.0
Dodging        | |  1.6
Stealth        | |  3.1
Transmutations | |  1.1

Action                   |  1- 3 |  4- 6 |  7- 9 || total
-------------------------+-------+-------+-------++-------
Melee: Short sword       |     6 |       |       ||     6
       Unarmed           |     2 |       |       ||     2
       Dagger            |    13 |   107 |    32 ||   152
 Cast: Sting             |    40 |     5 |    21 ||    66
       Poisonous Vapours |    15 |    53 |    14 ||    82
       Mephitic Cloud    |       |     2 |       ||     2
Invok: Bend Time         |       |       |     1 ||     1
 Abil: Spit Poison       |    12 |     3 |       ||    15
  Use: Scroll            |       |     5 |     1 ||     6
 Stab: Confused          |       |     1 |       ||     1
Armor: Robe              |    14 |    63 |    17 ||    94
       Leather armour    |       |       |     4 ||     4
Dodge: Dodged            |    34 |    76 |    32 ||   142

Table legend: (Time is in decaauts)
 A = Elapsed time spent in this place.
 B = Non-inter-level travel time spent in this place.
 C = Inter-level travel time spent in this place.
 D = Time resting spent in this place.
 E = Time spent auto-exploring this place.
 F = Levels seen in this place.
 G = Mean time per level.
                   A        B        C        D        E       F      G
               +--------+--------+--------+--------+--------+-----+--------+
         Total |   7888 |   7509 |    379 |   1066 |   4853 |   8 |  986.0 |
       Dungeon |   7627 |   7314 |    313 |   1066 |   4659 |   7 | 1089.6 |
        Temple |    261 |    196 |     65 |      0 |    193 |   1 |  261.0 |
               +--------+--------+--------+--------+--------+-----+--------+

Top non-repeatable levels by time:
     D:2: 1974 daAuts
     D:1: 1857 daAuts
     D:3: 1237 daAuts
     D:5: 1210 daAuts
     D:4: 1029 daAuts
  Temple: 261 daAuts
     D:6: 191 daAuts
     D:7: 125 daAuts
